Construct Section Command Post
Construct Platoon Command Post
Unlock Bishop Self-propelled Artillery
Selects Heavy Armor Battlegroup
Selects Light Vehicle Withdraw and Refit
6-pounder Anti-tank Gun Team
Bishop Self-propelled Artillery
Bishop Self-propelled Artillery
Selects Designate Targets
6-pounder Anti-tank Gun Team
Selects Rigorous Vehicle Training
Selects Forward Repair Assembly
Selects UNKNOWN (2162094)
Bishop Self-propelled Artillery
Bishop Self-propelled Artillery
Bishop Self-propelled Artillery